AoeStats
← sawacdard

Nomad

504157583Analyzed
4v4 RM · 28d ago on Sep 4, 2026· 59m 53s· 8 players
Game mode
Random Map
Map size
231×231
Population
200
Speed
Normal
Resources
Standard
Victory
Conquest
Starting age
Dark Age
Ending age
Imperial Age
RankedLock teamsTeams togetherTeam positionsShared explorationLock speedFull tech treeHidden civsTurbo modeCheats
Victory
Defeat
🇬🇧 Berbers · United Kingdom
1556
+5
🇨🇳 Muisca · China
1253
+17
🇹🇼 Lithuanians · Taiwan
1246
+17
🇹🇼 Vietnamese · Taiwan
1183
+20
🇨🇦 Lithuanians · Canada
1303
-16
🇺🇸 Berbers · United States
1277
-15
🇦🇷 Spanish · Argentina
1268
-14
🇺🇸 Persians · United States
1265
-14
Showergod
8:42 Loom
12:09 Feudal Age
17:29 Castle Age
15:50 Double-Bit Axe
16:21 Gold Mining
17:42 Scale Barding Armor
19:30 Forging
19:42 Bow Saw
20:08 Bloodlines
21:48 Horse Collar
24:02 Heavy Plow
25:13 Stone Mining
25:26 Husbandry
29:31 Ballistics
30:00 Wheelbarrow
32:35 Imperial Age
31:07 Fletching
31:19 Padded Archer Armor
31:47 Hand Cart
33:51 Two-Man Saw
33:22 Crop Rotation
34:47 Chemistry
34:57 Kamandaran
35:19 Conscription
34:20 Crossbowman
35:07 Bodkin Arrow
36:29 Leather Archer Armor
36:23 Devotion
37:52 Gold Shaft Mining
36:55 Elite War Elephant
39:31 Thumb Ring
40:10 Chain Barding Armor
41:46 Leather Archer Armor
42:38 Plate Barding Armor
42:40 Iron Casting
44:48 Ring Archer Armor
49:09 Faith
51:42 Blast Furnace
54:29 Squires
54:42 Masonry
hkc02
13:02 Feudal Age
16:57 Castle Age
15:16 Double-Bit Axe
15:42 Loom
23:37 Fletching
26:57 Ballistics
51:05 Wheelbarrow
56:15 Imperial Age
54:27 Bodkin Arrow
56:01 Bow Saw
56:35 Padded Archer Armor
58:42 Chemistry
57:46 Husbandry
57:56 Bloodlines
57:56 Bracer
59:30 Chemistry
59:32 Gold Mining
59:33 Stone Mining
59:16 Elite Camel Archer
Mandingo
12:56 Feudal Age
13:30 Loom
13:33 Double-Bit Axe
13:58 Stone Mining
17:46 Castle Age
16:07 Gold Mining
16:25 Fishing Lines
23:11 Bow Saw
28:34 Fletching
34:01 Bodkin Arrow
38:26 Wheelbarrow
39:25 Medium Warships
39:38 Horse Collar
41:56 Ballistics
44:18 Imperial Age
43:44 Forging
43:35 Scale Mail Armor
43:46 Heavy Plow
43:35 Man-at-Arms
44:30 Squires
44:19 Arson
44:29 Long Swordsman
46:20 Chain Mail Armor
46:41 Iron Casting
45:31 Two-Handed Swordsman
56:17 Bracer
56:19 Padded Archer Armor
59:24 Hand Cart
59:26 Leather Archer Armor
59:18 Scale Barding Armor
heavensent
10:55 Loom
15:39 Feudal Age
17:14 Double-Bit Axe
24:33 Castle Age
26:21 Wheelbarrow
27:49 Hand Cart
29:12 Gold Mining
30:36 Town Watch
31:28 Bow Saw
34:54 Stone Mining
36:26 Fishing Lines
37:21 Padded Archer Armor
38:16 Gillnets
39:02 Leather Archer Armor
40:32 Fletching
42:20 Thumb Ring
48:11 Imperial Age
48:19 Elite Conquistador
50:09 Two-Man Saw
53:30 Ring Archer Armor
54:28 Husbandry
sawacdard
5:19 Loom
14:56 Feudal Age
16:03 Gold Mining
16:00 Double-Bit Axe
18:54 Castle Age
19:48 Bow Saw
20:16 Medium Warships
21:22 Fishing Lines
23:47 Wheelbarrow
23:40 Gillnets
23:41 Horse Collar
26:48 Stone Mining
32:37 Imperial Age
30:44 Treadmill Crane
31:06 Scale Mail Armor
31:17 Forging
31:24 Hand Cart
32:23 Chain Mail Armor
32:30 Squires
31:54 Pikeman
34:42 Iron Casting
37:14 Town Watch
37:52 Conscription
37:50 Tower Shields
38:32 Halberdier
40:17 Arson
40:53 Capped Ram
42:42 Man-at-Arms
43:24 Fletching
44:14 Coinage
43:21 Long Swordsman
44:07 Town Patrol
44:54 Two-Handed Swordsman
46:29 Champion
47:06 Bodkin Arrow
47:34 Ballistics
48:15 Chemistry
47:11 Murder Holes
47:27 Masonry
48:34 Two-Man Saw
48:55 Bracer
49:32 Heavy Warships
51:51 Heavy Plow
53:20 Elite Leitis
54:08 Scale Barding Armor
55:19 Hoardings
55:53 Padded Archer Armor
56:13 Chain Barding Armor
56:08 Elite Skirmisher
57:25 Leather Archer Armor
57:23 Imperial Skirmisher
60:59 Plate Barding Armor
神廚
12:19 Loom
14:51 Feudal Age
16:05 Double-Bit Axe
16:14 Stone Mining
17:29 Horse Collar
20:15 Fletching
24:16 Castle Age
28:56 Bow Saw
35:22 Gold Mining
36:53 Wheelbarrow
42:59 Imperial Age
45:26 Town Watch
48:27 Block Printing
50:01 Two-Man Saw
49:53 Block Printing
54:31 Hand Cart
55:12 Bodkin Arrow
55:47 Heavy Plow
57:04 Bracer
59:29 Hoardings
58:44 Elite Rattan Archer
59:26 Padded Archer Armor
顶住啊等我出兵
16:09 Feudal Age
16:05 Loom
17:45 Double-Bit Axe
20:41 Castle Age
20:13 Horse Collar
22:05 Stone Mining
24:26 Fletching
25:29 Wheelbarrow
24:40 Town Watch
26:59 Padded Archer Armor
37:34 Bodkin Arrow
37:55 Leather Archer Armor
41:11 Imperial Age
40:33 Fishing Lines
41:44 Bow Saw
41:39 Heavy Plow
41:01 Champi Runner
42:41 Scale Mail Armor
42:52 Forging
43:00 Hand Cart
43:31 Conscription
43:16 Elite Guecha Warrior
45:33 Ballistics
46:15 Chemistry
45:45 Champi Warrior
48:38 Two-Man Saw
48:11 Crop Rotation
47:35 Gold Mining
48:20 Stone Shaft Mining
48:01 Elite Champi Warrior
48:54 Thumb Ring
50:52 Bracer
51:08 Chain Mail Armor
51:30 Iron Casting
51:10 Herbalism
51:14 Squires
51:38 Elite Temple Guard
53:46 Hoardings
53:27 Masonry
53:14 Murder Holes
52:59 Treadmill Crane
53:25 Siege Engineers
54:24 Plate Mail Armor
55:56 Gold Shaft Mining
邪惡貓貓頭ಥ_ಥ
5:06 Loom
13:51 Feudal Age
18:01 Castle Age
16:08 Double-Bit Axe
16:06 Fishing Lines
19:43 Bow Saw
20:25 Gold Mining
21:12 Fletching
22:03 Bodkin Arrow
34:12 Wheelbarrow
37:12 Imperial Age
35:06 Horse Collar
35:51 Hand Cart
37:41 Stone Mining
38:17 Padded Archer Armor
38:24 Heavy Plow
38:28 Bracer
39:18 Stone Shaft Mining
39:15 Conscription
39:29 Elite Camel Archer
40:42 Scale Barding Armor
40:47 Forging
42:32 Chemistry
43:18 Leather Archer Armor
43:09 Husbandry
43:19 Bloodlines
42:46 Crossbowman
45:50 Ring Archer Armor
45:29 Kasbah
45:27 Elite Genitour
46:54 Thumb Ring
59:19 Ballistics
Connection lost

Rejoining the realm…

Still unreachable

The connection could not be restored.

Session expired

The server has moved on; the page needs a fresh start.